 Dungeon Crawl Stone Soup version 0.31-a0-152-g6aa68a64a1 (webtiles) character file.

Game seed: 2939803587255859976

793 qw the Skirmisher (level 7, 0/44 HPs)
             Began as a Gargoyle Hunter on June 10, 2023.
             Slain by a troll (9 damage)
             ... on level 5 of the Dungeon.
             The game lasted 00:01:55 (3355 turns).

qw the Skirmisher (Gargoyle Hunter)                 Turns: 3355, Time: 00:01:56

Health: 0/44       AC: 11    Str: 15    XL:     7   Next: 88%
Magic:  7/7        EV: 12    Int:  9    God:
Gold:   163        SH:  0    Dex: 15    Spells: 6/6 levels left

rFire   + . .        Y - +0 shortbow (freeze)
rCold   . . .        (shield currently unavailable)
rNeg    + . .        k - +2 animal skin
rPois   inf          d - +0 helmet
rElec   +            b - scarf {repulsion}
rCorr   +            (no gloves)
SInv    .            f - +1 pair of boots
Will    .....        (no amulet)
Stlth   ++           c - ring of protection from fire
HPRegen 0.27/turn    g - ring of resist corrosion
MPRegen 0.10/turn

%: repel missiles
@: no status effects
A: sickness immunity, AC +4, negative energy resistance 1, electricity
resistance, torment resistance 1, petrification resistance
a: no special abilities


You were on level 5 of the Dungeon.
You visited 1 branch of the dungeon, and saw 5 of its levels.

You collected 163 gold pieces.


Innate Abilities, Weirdness & Mutations

You are immune to sickness and miasma.
Your stone body is resilient. (AC +4)
You are immune to poison.
You resist negative energy. (rN+)
You are resistant to electric shocks. (rElec)
You are resistant to unholy torment.
You are immune to petrification.


   Skills:
 - Level 5.3 Fighting
 + Level 8.1 Ranged Weapons
 - Level 1.0 Armour
 - Level 2.0 Dodging
 - Level 1.1 Stealth


You had 6 spell levels left.
You didn't know any spells.
Your spell library was empty.

Inventory:

Hand Weapons
 Y - a +0 shortbow of freezing (weapon)
Armour
 b - a scarf of repulsion (worn)
 d - a +0 helmet (worn)
 f - a +1 pair of boots (worn)
 k - a +2 animal skin (worn)
 p - a +0 cloak
Jewellery
 c - a ring of protection from fire (left hand)
 g - a ring of resist corrosion (right hand)
Scrolls
 a - 2 scrolls of teleportation
 h - a scroll of identify
Potions
 e - a potion of heal wounds
 i - a potion of mutation
 j - a potion of haste {unknown}
 l - a potion of brilliance {unknown}
 m - 2 potions of curing
 o - a potion of might {unknown}
 r - a potion of enlightenment {unknown}

Dungeon Overview and Level Annotations

Branches:
Dungeon (5/15)
 Temple: D:4-7

Altars:
Kikubaaqudgha
Wu Jian

Shops:
D:1 [


Message History

The troll shouts!
The arrow hits the water moccasin.
The arrow freezes the water moccasin.
You kill the water moccasin!
You hear a shout!
The orc barely misses you. Something hits you but does no damage.
The orc hits you but does no damage.
Your Fighting skill increases to level 5!
You shoot an arrow. The arrow hits the dart slug.
The arrow freezes the dart slug.
You kill the dart slug!
The orc hits you but does no damage. The orc barely misses you.
You hear some strange, mumbled words.
A magic dart appears from out of thin air!
The magic dart hits you! The orc hits you but does no damage.
You shoot an arrow.
The arrow hits the orc but does no damage.
The orc closely misses you. Something hits you but does no damage.
The orc closely misses you. The orc completely misses you.
You shoot an arrow. The arrow hits the orc.
The arrow freezes the orc.
The orc is heavily wounded.
The orc hits you but does no damage. The orc barely misses you.
Something hits you but does no damage. The orc barely misses you.
You shoot an arrow. The arrow closely misses the orc.
The orc hits you but does no damage. Something hits you.
The orc closely misses you. The orc hits you but does no damage.
You shoot an arrow. The arrow hits the orc.
The arrow freezes the orc.
You kill the orc!
The orc barely misses you. Something hits you but does no damage.
The orc closely misses you.
You shoot an arrow. The arrow hits the troll!
The arrow freezes the troll.
The troll is moderately wounded.
The orc barely misses you. The orc hits you but does no damage.
Something hits you but does no damage.
A phantom comes into view.
The troll bites you but does no damage.
The troll claws you but does no damage. x2
You shoot an arrow. The arrow barely misses the troll.
The orc closely misses you. Something hits you.
The orc hits you but does no damage. The troll bites you!
The troll closely misses you. The troll claws you!
You die...

.........# ..
........##
..##........#
..............
...[#........ ##
#...#....).## .
##..##..To{.##.#.
#.#.......o@)....W.
#..................
#...###............
.###..####....##..#...
.......<#.....))..# ..
..........¤.....¤¤# .
#.......¤¤¤¤¤~~~~¤..
......¤.¤¤¤¤....~...
......¤.~.#####.~...


You could see a troll, a phantom and 2 orcs.

Vanquished Creatures
  A water moccasin (D:5)
  An ogre (D:4)
  A hound (D:4)
  4 orc priests (D:4)
  An iguana (D:4)
  2 orc wizards (D:4)
  Robin (D:3)
  11 gnolls (D:4)
  8 adders
  2 worms
  3 dart slugs
  25 orcs
  3 bats
  8 endoplasms
  6 giant cockroaches
  21 goblins
  17 hobgoblins
  9 jackals
  4 quokkas
  7 ball pythons
  3 frilled lizards
  17 kobolds
  7 rats
162 creatures vanquished.

Notes
Turn   | Place    | Note
-------+----------+-------------------------------------------
     0 | D:1      | qw the Gargoyle Hunter began the quest for the Orb.
     0 | D:1      | Reached XP level 1. HP: 12/12 MP: 1/1
     0 | D:1      | 0 ||| qw: Version: 0.2-a-123-gb51047a
     0 | D:1      | 0 ||| qw: Game counter: 3777
     0 | D:1      | 0 ||| qw: Always use a shield: true
     0 | D:1      | 0 ||| qw: God list: Okawaru
     0 | D:1      | 0 ||| qw: Allow faded altars: false
     0 | D:1      | 0 ||| qw: Do Orc after D:15 true
     0 | D:1      | 0 ||| qw: Do second Lair branch before Depths: true
     0 | D:1      | 0 ||| qw: Lair rune preference: random
     0 | D:1      | 0 ||| qw: Plans: Normal, Zot:1-4, Slime:5, God:TSO, Crypt,
                  | Tomb, Abyss, Pan, Hells, Win
     0 | D:1      | 0 ||| PLANNING D:1-11
    43 | D:1      | Found Pohix's Antique Armour Shoppe.
    66 | D:1      | Reached XP level 2. HP: 17/17 MP: 2/2
    67 | D:1      | 67 ||| SHOPLISTING cloak (94 gold, have 14).
    67 | D:1      | 67 ||| SHOPLISTING pair of glowing gloves (157 gold, have
                  | 14).
    67 | D:1      | 67 ||| SHOPLISTING ring mail (84 gold, have 14).
   366 | D:1      | Reached XP level 3. HP: 21/21 MP: 3/3
   455 | D:1      | Reached skill level 5 in Ranged Weapons
   667 | D:1      | 667 ||| UPGRADING to +0 helmet.
   672 | D:1      | 672 ||| UPGRADING to +1 pair of boots.
   677 | D:1      | 677 ||| READING 2 scrolls labelled ISTOAN DEULUIN.
   682 | D:1      | 682 ||| READING 2 scrolls labelled XIESOXOJEJ.
   683 | D:1      | 683 ||| DROPPING scroll of butterflies.
   780 | D:2      | Reached skill level 3 in Fighting
   794 | D:2      | Reached XP level 4. HP: 28/28 MP: 4/4
   837 | D:2      | Reached skill level 1 in Armour
  1155 | D:2      | 1155 ||| UPGRADING to +0 ring mail.
  1165 | D:2      | 1165 ||| DROPPING +0 leather armour.
  1166 | D:2      | 1166 ||| READING scroll labelled ULICEO WIGGESE.
  1167 | D:2      | 1167 ||| READING scroll labelled KUS SUCEAGUPS.
  1168 | D:2      | 1168 ||| READING scroll labelled IBEGGI HOECUIZ.
  1269 | D:2      | 1269 ||| READING 3 scrolls of identify.
  1269 | D:2      | 1269 ||| IDENTIFYING pink potion
  1270 | D:2      | 1270 ||| READING 2 scrolls of identify.
  1270 | D:2      | 1270 ||| IDENTIFYING green potion
  1474 | D:3      | Noticed Robin
  1487 | D:3      | Killed Robin
  1488 | D:3      | Reached XP level 5. HP: 22/32 MP: 5/5
  2095 | D:3      | 2095 ||| UPGRADING to +2 animal skin.
  2105 | D:3      | 2105 ||| DROPPING +0 ring mail.
  2106 | D:3      | 2106 ||| DROPPING scarf of harm.
  2107 | D:3      | 2107 ||| UPGRADING to ring of protection from fire.
  2108 | D:3      | 2108 ||| READING scroll labelled DIB EHUN VABB.
  2109 | D:3      | 2109 ||| READING 2 scrolls of identify.
  2109 | D:3      | 2109 ||| IDENTIFYING golden potion
  2140 | D:4      | Reached skill level 6 in Ranged Weapons
  2248 | D:4      | Reached XP level 6. HP: 12/38 MP: 6/6
  2249 | D:4      | 2249 ||| DRINKING potion of curing.
  2249 | D:4      | 2249 ||| (to cure confusion)
  2257 | D:4      | HP: 8/38 [something (3)]
  2263 | D:4      | HP: 5/38 [something (3)]
  2438 | D:4      | 2438 ||| Stepping ~*~*~tactically~*~*~ (water).
  2502 | D:4      | Reached skill level 7 in Ranged Weapons
  2588 | D:4      | Found an ancient bone altar of Kikubaaqudgha.
  2713 | D:4      | Reached XP level 7. HP: 43/43 MP: 7/7
  2800 | D:4      | 2800 ||| Stepping ~*~*~tactically~*~*~ (outnumbered).
  2929 | D:4      | 2929 ||| Stepping ~*~*~tactically~*~*~ (outnumbered).
  3154 | D:4      | Reached skill level 8 in Ranged Weapons
  3295 | D:4      | 3295 ||| UPGRADING to scarf of repulsion.
  3300 | D:4      | 3300 ||| UPGRADING to ring of resist corrosion.
  3301 | D:4      | 3301 ||| READING 3 scrolls labelled TANI IHECVEAHU.
  3302 | D:4      | 3302 ||| READING scroll labelled ETIANA NAERGH.
  3303 | D:4      | 3303 ||| READING scroll labelled CIUMMIC CICAIFU.
  3304 | D:4      | 3304 ||| READING scroll labelled GILEUVAUWKI.
  3305 | D:4      | 3305 ||| DROPPING 2 scrolls of poison.
  3321 | D:5      | Entered Level 5 of the Dungeon
  3321 | D:5      | Found an ornate altar of the Wu Jian Council.
  3347 | D:5      | Noticed a troll
  3355 | D:5      | HP: 9/44 [troll (11)]
  3355 | D:5      | Slain by a troll

Levels and vault maps discovered:
D:1:      dpeg_arrival_another_circle, layout_basic, serial_shops, shop,
          minmay_large_rounded_square
D:2:      layout_basic
D:3:      layout_basic, kennysheep_generic_room_13, uniq_robin
D:4:      corexii_shantytown, layout_rooms, kiku_gazebo_pond_becter,
          serial_bayou_lagoon_b
D:5:      layout_cave_pools, mainiacjoe_overflow_brackets, temple_hall,
          minmay_ruined_shrine

Skill      XL: |  1  2  3  4  5  6  7 |
---------------+----------------------+-----
Ranged Weapons | 5 6 7 8 |  8.1
Fighting       | 3 4 5 |  5.3
Armour         | 1 |  1.0
Dodging        | 2 |  2.0
Stealth        | |  1.1

Action                     |  1- 3 |  4- 6 |  7- 9 || total
---------------------------+-------+-------+-------++-------
   Fire: Shortbow          |   121 |   247 |   146 ||   514
    Use: Scroll            |     2 |     7 |     4 ||    13
         Potion            |       |     1 |       ||     1
 Armour: Leather armour    |    18 |     5 |       ||    23
         Ring mail         |       |    14 |       ||    14
         Animal skin       |       |    59 |    41 ||   100
  Dodge: Dodged            |    38 |    88 |    56 ||   182

Table legend:
 A = Non-vault XP
 B = Vault XP
 C = Vault XP percentage of total XP
 D = Non-vault monster count
 E = Vault monster count
 F = Vault count percentage of total count
                 A         B        C        D         E       F
            +---------+---------+-------+---------+---------+-------
      Total |     823 |     311 |  27.4 |     115 |      47 |  29.0
            +---------+---------+-------+---------+---------+-------
        D:1 |      49 |       0 |   0.0 |      28 |       0 |   0.0
        D:2 |      76 |       0 |   0.0 |      27 |       0 |   0.0
        D:3 |      39 |      33 |  45.8 |      14 |      11 |  44.0
        D:4 |     647 |     114 |  15.0 |      42 |      33 |  44.0
        D:5 |      12 |     164 |  93.2 |       4 |       3 |  42.9
            +---------+---------+-------+---------+---------+-------
